[Event "TOP 12 Feminin 2023 Phase 1"]
[Site "MULHOUSE, France"]
[Date "2023.05.19"]
[Round "2.18"]
[White "DIEZ, Agathe"]
[Black "AUVRAY, Honorine"]
[Result "0-1"]
[ECO "B24"]
[WhiteElo "1902"]
[BlackElo "2028"]
[PlyCount "194"]
[EventDate "2023.??.??"]
[WhiteTeam "Bordeaux"]
[BlackTeam "Juvisy sur Orge"]
[TimeControl "90+30"]

1. e4 {3} c5 {11} 2. Nc3 {7} Nc6 {14} 3. Nge2 {19} g6 {30} 4. g3 {16} Bg7 {12}
5. Bg2 {10} d6 {20} 6. d3 {30} e5 {45} 7. O-O {176} Nge7 {16} 8. Bg5 {378} h6 {
411} 9. Be3 {12} O-O {13} 10. Qd2 {142} Kh7 {30} 11. h3 {196} Nd4 {35} 12. f4 {
90} exf4 {138} 13. Nxf4 {68} Rb8 {241} 14. Rab1 {710} Nec6 {291} 15. Ncd5 {209}
b5 {315} 16. c3 {570} Ne6 {34} 17. Kh2 {106} b4 {529} 18. Ne2 {430} Ba6 {503}
19. c4 {710} Ned4 {608} 20. Nxd4 {536} Nxd4 {30} 21. Rf2 {798} Bb7 {443} 22.
Rbf1 {495} Bxd5 {164} 23. cxd5 {111} Qe7 {150} 24. Qc1 {193} a5 {307} 25. Bf3 {
81} Rbc8 {363} 26. Qc4 {39} Nxf3+ {37} 27. Rxf3 {8} Bxb2 {12} 28. Qa6 {62} Rc7
{521} 29. R3f2 {37} Ra7 {42} 30. Qb6 {18} Be5 {82} 31. Bf4 {48} Bxf4 {288} 32.
Rxf4 {6} Qc7 {35} 33. Qc6 {60} Kg7 {200} 34. Rf6 {30} Qxc6 {13} 35. dxc6 {5}
Rd8 {42} 36. g4 {57} a4 {46} 37. Kg2 {29} Rc7 {116} 38. h4 {30} b3 {136} 39.
axb3 {5} axb3 {7} 40. g5 {26} hxg5 {49} 41. hxg5 {5} d5 {67} 42. exd5 {80} Rxd5
{70} 43. R6f3 {41} Rxg5+ {40} 44. Kh3 {7} Rf5 {72} 45. Rxf5 {49} gxf5 {2} 46.
Rb1 {7} Rxc6 {6} 47. Rxb3 {4} Kf6 {31} 48. Rc3 {34} Ke5 {11} 49. Rc4 {4} Kd5 {
29} 50. Rf4 {13} Rh6+ {132} 51. Kg3 {16} Rg6+ {20} 52. Kf3 {14} Rg5 {20} 53.
Kf2 {37} f6 {22} 54. Kf3 {10} Rh5 {34} 55. Kg3 {15} Rh1 {95} 56. Kf2 {9} Rh2+ {
21} 57. Ke3 {29} Rh3+ {16} 58. Ke2 {12} Ke5 {39} 59. Rc4 {22} Rh2+ {39} 60. Kf3
{33} Kd5 {28} 61. Rf4 {14} Rc2 {32} 62. Ke3 {78} Ke5 {12} 63. Ra4 {115} f4+ {47
} 64. Kf3 {5} f5 {17} 65. d4+ {135} cxd4 {33} 66. Ra5+ {5} Kf6 {28} 67. Kxf4 {8
} Rf2+ {22} 68. Kg3 {7} Re2 {6} 69. Rd5 {27} Re4 {16} 70. Kf3 {19} Ke6 {47} 71.
Rd8 {20} Kf6 {29} 72. Rd5 {11} Kg5 {11} 73. Rd8 {33} Kf6 {69} 74. Rd5 {75} Rg4
{14} 75. Rd8 {29} Ke5 {23} 76. Rd7 {83} Rg6 {32} 77. Ke2 {41} Rg3 {35} 78. Kf2
{30} Ra3 {26} 79. Rd8 {24} Ke4 {5} 80. Ke2 {34} Ra2+ {26} 81. Ke1 {31} d3 {36}
82. Re8+ {32} Kf3 {25} 83. Rd8 {18} Re2+ {43} 84. Kd1 {10} f4 {101} 85. Rxd3+ {
51} Re3 {1} 86. Rd8 {35} Kg2 {15} 87. Kd2 {36} Re5 {49} 88. Rg8+ {18} Kf2 {5}
89. Rf8 {25} Rd5+ {16} 90. Kc3 {13} f3 {5} 91. Kc4 {14} Rd6 {18} 92. Kc5 {45}
Rd7 {9} 93. Kc4 {7} Ke2 {20} 94. Re8+ {9} Kf1 {4} 95. Rf8 {10} f2 {12} 96. Kc3
{16} Rg7 {23} 97. Kd2 {118} Kg2 {12} 0-1

[Event "TOP 12 Feminin 2023 Phase 1"]
[Site "MULHOUSE, France"]
[Date "2023.05.19"]
[Round "2.19"]
[White "AFRAOUI, Anaelle"]
[Black "LE COZ, Marie-Sarah"]
[Result "1-0"]
[ECO "B32"]
[WhiteElo "2118"]
[BlackElo "1718"]
[PlyCount "80"]
[EventDate "2023.??.??"]
[WhiteTeam "Juvisy sur Orge"]
[BlackTeam "Bordeaux"]
[TimeControl "90+30"]

1. e4 {7} c5 {7} 2. Nf3 {8} Nc6 {7} 3. d4 {6} cxd4 {6} 4. Nxd4 {5} e5 {9} 5.
Nb5 {16} d6 {10} 6. c4 {8} Be7 {11} 7. N1c3 {32} a6 {7} 8. Na3 {3} f5 {13} 9.
exf5 {24} Bxf5 {7} 10. Bd3 {7} Be6 {82} 11. Nc2 {239} Nf6 {12} 12. O-O {210}
Qd7 {151} 13. Bg5 {119} O-O {776} 14. Qe2 {713} Ng4 {181} 15. Bxe7 {428} Nxe7 {
114} 16. Rad1 {694} Rac8 {176} 17. Ne4 {292} d5 {1384} 18. Ng5 {311} Bf5 {733}
19. h3 {125} Bxd3 {510} 20. Qxd3 {170} Qf5 {271} 21. Qxf5 {69} Rxf5 {7} 22. Nf3
{14} Nf6 {324} 23. Ne3 {6} Rh5 {197} 24. g4 {268} Rxh3 {240} 25. Kg2 {155} Rxf3
{256} 26. Kxf3 {6} d4 {102} 27. Nd5 {137} Nexd5 {239} 28. cxd5 {7} Rc2 {245}
29. Rfe1 {293} e4+ {92} 30. Kg3 d3 {499} 31. f3 {2} Nxd5 {205} 32. fxe4 {283}
d2 {4} 33. Re2 {4} Nf6 {34} 34. e5 {25} Nd5 {107} 35. Rexd2 {57} Rxd2 {96} 36.
Rxd2 {4} Nb6 {47} 37. Rf2 {84} Nd5 {34} 38. e6 {38} Nf6 {37} 39. e7 Ne4+ {44}
40. Kg2 {9} Nd6 {3} 1-0

[Event "TOP 12 Feminin 2023 Phase 1"]
[Site "MULHOUSE, France"]
[Date "2023.05.19"]
[Round "2.20"]
[White "MATA, Maria"]
[Black "SALVADOR, Lucie"]
[Result "1-0"]
[ECO "B06"]
[WhiteElo "1720"]
[BlackElo "1989"]
[PlyCount "119"]
[EventDate "2023.??.??"]
[WhiteTeam "Bordeaux"]
[BlackTeam "Juvisy sur Orge"]
[TimeControl "90+30"]

1. e4 {15} g6 {5} 2. d4 {96} d6 {31} 3. Nf3 {501} Bg7 {212} 4. Bc4 {43} Nd7 {
219} 5. Bxf7+ {209} Kf8 {122} 6. e5 {515} Nxe5 {1319} 7. dxe5 {1} Kxf7 {15} 8.
Ng5+ {150} Ke8 {70} 9. e6 {108} Nh6 {75} 10. Qd3 {148} Rf8 {428} 11. Nxh7 {61}
Rf5 {21} 12. O-O {1017} Bxe6 {480} 13. Nc3 {312} Kd7 {813} 14. Ne4 {547} Qg8 {
716} 15. Re1 {675} Ng4 {601} 16. Nhg5 {165} Rd5 {855} 17. Qe2 {257} Bf5 {302}
18. c4 {363} Rd4 {21} 19. c5 {242} a6 {138} 20. Be3 {45} Nxe3 {48} 21. Qxe3 {1}
Re8 {33} 22. Rac1 {23} Qd5 {34} 23. cxd6 {24} Bxe4 {31} 24. Nxe4 {56} Rxe4 {29}
25. Qxe4 {17} Qxe4 {2} 26. Rxe4 {7} cxd6 {4} 27. Rg4 {18} Bxb2 {26} 28. Rb1 {28
} Rc8 {18} 29. g3 {31} Rc2 {10} 30. Rxg6 {104} b5 {71} 31. Rd1 {32} Ba3 {39}
32. Rg5 {33} Rxa2 {51} 33. h4 {10} Rc2 {36} 34. h5 {16} b4 {31} 35. Ra5 {54}
Rc6 {25} 36. h6 {17} Bb2 {17} 37. Rb1 {52} Bc3 {21} 38. h7 {31} Rb6 {53} 39.
Rb3 {18} Bh8 {44} 40. Ra4 {45} d5 {29} 41. Raxb4 {11} Rh6 {23} 42. Rb7+ {12}
Ke8 {25} 43. Rb8+ {14} Kf7 {9} 44. Rxh8 {16} Kg7 {12} 45. Rd8 {27} Rxh7 {64}
46. Rxd5 {14} Rh6 {12} 47. Ra3 {27} Kf7 {17} 48. Rda5 {22} Rb6 {16} 49. Rxa6 {
11} Rb5 {14} 50. Rf3+ {29} Ke8 {14} 51. Re3 {14} Rb7 {38} 52. Rae6 {35} Kf7 {5}
53. g4 {36} Ra7 {19} 54. g5 {19} Ra4 {28} 55. R3e4 {56} Ra5 {16} 56. f4 {32}
Ra8 {32} 57. f5 {37} Rg8 {21} 58. Rxe7+ {15} Kf8 {10} 59. Re8+ {6} Kf7 {4} 60.
R4e7# {5} 1-0

[Event "TOP 12 Feminin 2023 Phase 1"]
[Site "MULHOUSE, France"]
[Date "2023.05.19"]
[Round "2.21"]
[White "SAVINA, Anastasia"]
[Black "MATNADZE-BUJIASHVILI, Ann"]
[Result "0-1"]
[ECO "D55"]
[WhiteElo "2342"]
[BlackElo "2393"]
[PlyCount "102"]
[EventDate "2023.??.??"]
[WhiteTeam "Vandoeuvre"]
[BlackTeam "Grasse"]
[TimeControl "90+30"]

1. d4 {11} Nf6 {15} 2. c4 {15} e6 {28} 3. Nc3 {15} d5 {41} 4. Bg5 {48} Be7 {56}
5. e3 {63} O-O {199} 6. Nf3 {23} b6 {40} 7. Rc1 {529} Bb7 {11} 8. cxd5 {218}
exd5 {27} 9. Bd3 {139} Nbd7 {82} 10. O-O {1573} c5 {197} 11. h3 {472} Ne4 {43}
12. Bf4 {118} Ndf6 {59} 13. Ne5 {299} Rc8 {597} 14. Ne2 {705} c4 {788} 15. Bb1
{50} b5 {13} 16. f3 {345} Nd6 {9} 17. Ng3 {634} Nfe8 {278} 18. Nf5 {155} g6 {
414} 19. Nxe7+ {188} Qxe7 {2} 20. Qd2 {109} Rd8 {213} 21. Rce1 {49} Ng7 {156}
22. Ng4 {81} h5 {413} 23. Ne5 {45} Nc8 {779} 24. Bh2 {78} b4 {33} 25. Kh1 {131}
Ne6 {345} 26. f4 {19} Nd6 {144} 27. Qxb4 {40} Ng7 {53} 28. e4 {88} dxe4 {388}
29. Nxc4 {5} Ngf5 {170} 30. Ne5 {9} h4 {27} 31. a3 {78} Qe6 {66} 32. Ng4 {28}
Kg7 {168} 33. Qa5 Bd5 {94} 34. Rc1 {28} Nc4 {63} 35. Qe1 {32} Rfe8 {70} 36. Ne5
{32} Rc8 {110} 37. b3 {30} Nce3 {13} 38. Rf2 {28} Rxc1 {40} 39. Qxc1 {2} Rc8 {
21} 40. Qe1 {16} Qb6 {98} 41. Ng4 {76} Qxb3 {68} 42. Nxe3 {18} Qxe3 {25} 43.
Qxe3 {40} Nxe3 {1} 44. Bg1 {31} Rc1 {64} 45. Rb2 {32} Nc4 {77} 46. Rb5 {23}
Nxa3 {69} 47. Rxd5 {3} Nxb1 {12} 48. Re5 {46} Nd2 {64} 49. d5 {11} Rd1 {49} 50.
Re8 {68} Nf1 {12} 51. Bxa7 {31} Ng3+ {Bg1 27 3} 0-1

[Event "TOP 12 Feminin 2023 Phase 1"]
[Site "MULHOUSE, France"]
[Date "2023.05.19"]
[Round "2.22"]
[White "MILLIET, Sophie"]
[Black "BEREND, Elvira"]
[Result "1/2-1/2"]
[ECO "B46"]
[WhiteElo "2385"]
[BlackElo "2255"]
[PlyCount "89"]
[EventDate "2023.??.??"]
[WhiteTeam "Grasse"]
[BlackTeam "Vandoeuvre"]
[TimeControl "90+30"]

1. e4 {4} c5 {27} 2. Nf3 {5} e6 {191} 3. d4 {55} cxd4 {21} 4. Nxd4 {4} Nc6 {6}
5. Nc3 {8} a6 {27} 6. Nxc6 {40} bxc6 {5} 7. Bd3 {3} d5 {5} 8. O-O {15} Nf6 {6}
9. Qf3 {17} Bb7 {13} 10. Bf4 {227} Be7 {32} 11. Rad1 {315} O-O {126} 12. Rfe1 {
680} Re8 {207} 13. Qh3 {1491} g6 {47} 14. exd5 {81} exd5 {77} 15. Bg5 {148} Nd7
{432} 16. Bxe7 {480} Rxe7 {23} 17. Qg3 {63} Nc5 {528} 18. b4 {81} Ne6 {499} 19.
a4 {729} c5 {204} 20. b5 {346} axb5 {115} 21. Nxb5 {486} Rxa4 {442} 22. Nd6 {23
} Ng7 {895} 23. Bb5 {7} Rd4 {222} 24. Nxb7 {74} Rxb7 {14} 25. Rxd4 {22} cxd4 {
28} 26. Bc6 {251} Rb6 {53} 27. Ba4 {55} Re6 {62} 28. Rf1 {378} Nf5 {278} 29.
Qb3 {38} Rb6 {81} 30. Qf3 {24} Rb4 {470} 31. Bb3 {20} Rb5 {8} 32. Re1 {60} Rc5
{86} 33. g3 {22} Rc3 {50} 34. Qd1 {152} d3 {193} 35. cxd3 {4} Nd4 {13} 36. Ba4
{4} Qa5 {96} 37. Bd7 {69} Qc7 {127} 38. Bg4 {33} Kg7 {313} 39. Qd2 {21} Nb3 {62
} 40. Qe3 {56} d4 {145} 41. Qe8 {17} Qd6 {197} 42. Re7 {47} Rc1+ {23} 43. Kg2 {
0} Qc6+ {15} 44. Qxc6 {16} Rxc6 {2} 45. Rd7 {47} 1/2-1/2